 Dungeon Crawl Stone Soup version 0.27-a0-1196-g3e9cee4cb2 (webtiles) character file.

Game seed: 2546741402599484194

4512 lightspider the Fighter (level 10, 0/88 HPs)
             Began as a Yellow Draconian Wanderer on May 29, 2021.
             Was a Follower of Sif Muna.
             Succumbed to Erica's bolt of poison
             ... on level 9 of the Dungeon.
             The game lasted 01:08:55 (12614 turns).

lightspider the Fighter (DrWn)                     Turns: 12614, Time: 01:08:56

Health: 0/88       AC: 13    Str: 15    XL:     10   Next: 16%
Magic:  5/19       EV: 15    Int: 15    God:    Sif Muna [*.....]
Gold:   204        SH:  0    Dex: 17    Spells: 14/21 levels left

rFire    . . .     SeeInvis .   s - +1 falchion of Zasuzuips {flame, Fly rCorr Dex+6 Stlth-}
rCold    . . .     Faith    +   (no shield)
rNeg     . . .     Spirit   .   (armour unavailable)
rPois    .         Reflect  .   (helmet restricted)
rElec    .         Harm     .   y - +1 cloak {Stlth+}
rCorr    +         Rampage  .   (no gloves)
Will     .....                  (no boots)
Stlth    ++........             f - amulet of faith
HPRegen  0.24/turn              e - +4 ring of protection
MPRegen  0.16/turn              (no ring)

@: lethally poisoned (0 -> -17), flying
A: spit acid, AC +7, unfitting armour, cold-blooded, acid resistance
a: Breathe Acid, Renounce Religion, Channel Magic


You were on level 9 of the Dungeon.
You worshipped Sif Muna.
Sif Muna was aware of your devotion.
You visited 2 branches of the dungeon, and saw 10 of its levels.
You also visited: Sewer, Ossuary and Bailey.

You collected 399 gold pieces.
You spent 195 gold pieces at shops.

Inventory:

Hand Weapons
 a - a +1 spectral hand axe
 d - a +0 dagger
 g - a +1 dagger of speed
 s - the +1 falchion of Zasuzuips (weapon) {flame, Fly rCorr Dex+6 Stlth-}
   (You found it on level 5 of the Dungeon)

   It has been specially enchanted to burn those struck by it, causing extra
   injury to most foes and up to half again as much damage against particularly
   susceptible opponents.
   Big, fiery blades are also staple armaments of hydra-hunters.
   It affects your dexterity (+6).
   It grants you flight.
   It protects you from acid and corrosion.
   It makes you less stealthy.
Missiles
 c - 24 poisoned darts (quivered)
 r - 14 datura-tipped darts
 J - a curare-tipped dart
Armour
 y - a +1 cloak of stealth (worn)
Jewellery
 e - a +4 ring of protection (left hand)
 f - an amulet of faith (around neck)
 h - a ring of protection from cold
 q - an amulet of the acrobat
 F - the amulet of Discretion {Spirit rF+}
   (You took it off an orc warrior in a bailey)

   [amulet of guardian spirit]

   It causes incoming damage to be divided between your reserves of health and
   magic.
   It protects you from fire.
Wands
 n - a wand of charming (9)
 C - a wand of acid (13)
 I - a wand of iceblast (8)
Scrolls
 b - 8 scrolls of teleportation
 k - 2 scrolls of blinking
 l - 6 scrolls of magic mapping
 m - a scroll of summoning
 v - 2 scrolls of brand weapon
 w - a scroll of amnesia
 x - a scroll of enchant weapon
 D - 2 scrolls of fog
 G - 2 scrolls of identify
 H - a scroll of fear
Potions
 i - 4 potions of curing
 j - a potion of magic
 o - 3 potions of attraction
 p - a potion of haste
 t - a potion of lignification
 u - 4 potions of brilliance
 z - 2 potions of berserk rage
 A - a potion of mutation
 B - a potion of resistance
 E - 4 potions of flight


   Skills:
 + Level 8.1 Fighting
 + Level 6.4 Long Blades
 - Level 3.7 Axes
 - Level 1.0 Throwing
 + Level 6.1 Dodging
 - Level 1.0 Stealth
 + Level 6.1 Spellcasting
 - Level 3.6 Conjurations
 - Level 4.4 Summonings
 + Level 0.4 Necromancy


You had 14 spell levels left.
You knew the following spells:

 Your Spells              Type           Power      Damage    Failure   Level
a - Magic Dart            Conj           60%        1d6       3%          1
b - Call Imp              Summ           17%        N/A       3%          2
c - Vampiric Draining     Necr           2%         2d6       36%         3
d - Animate Skeleton      Necr           10%        N/A       12%         1

Your spell library contained the following spells:

 Spells                   Type           Power      Damage    Failure   Level
 Summon Small Mammal      Summ           68%        N/A       2%          1
 Pain                     Necr           20%        1d5       12%         1
 Apportation              Tloc           8%         N/A       14%         1
 Corona                   Hex            4%         N/A       14%         1
 Blink                    Tloc           N/A        N/A       22%         2
 Slow                     Hex            4%         N/A       22%         2
 Conjure Flame            Conj/Fire      9%         6-21      22%         3
 Mephitic Cloud           Conj/Pois/Air  8%         N/A       26%         3
 Animate Dead             Necr           2%         N/A       77%         4
 Agony                    Necr           5%         N/A       98%         5


Dungeon Overview and Level Annotations

Branches:
Dungeon (9/15)             Temple (1/1) D:6           Sewer (visited)
Ossuary (visited)          Bailey (visited)
   Lair: D:8-11         Orc: D:9-12

Altars:
Ashenzari
Cheibriados
Dithmenos
Elyvilon
Fedhas
Gozag
Hepliaklqana
Kikubaaqudgha
Nemelex Xobeh
Okawaru
Qazlal
Ru
Sif Muna
Uskayaw
Wu Jian
Xom
Yredelemnul
The Shining One

Shops:
D:7 [[

Annotations:
D:6 1 runed translucent door, Crazy Yiuf
D:8 3 runed translucent doors, hilljack's ghost, novice DrTm
D:9 Erica


Innate Abilities, Weirdness & Mutations

You can spit globs of acid.
Your golden yellow scales are hard. (AC +7)
You cannot fit into any form of body armour.
You are cold-blooded and may be slowed by cold attacks.
You are resistant to acid. (rCorr)


Message History

You feel very sick.
You feel very sick.
You feel sick.
You feel sick.
Items here: )) [ ††.
You feel sick.
You feel sick. What are your orders? t - Shout!
Orders for allies: a - Attack new target. r - Retreat! s - Stop attacking. g - Guard the area. f - Follow me.
Anything else - Cancel.
Gang up on whom?
Press: ? - help, Dir - move target, f - Erica
Aim: Erica, wielding a +3 scimitar of flaming and wearing a +0 robe (severely wounded, ally target) Attack!
You feel sick.
Your shadow imp gestures at Erica.
Erica resists with some effort.
Erica points at herself and mumbles some strange words.
Erica flickers and vanishes!
You feel sick.
Your shadow imp barely misses something.
Something hits your shadow imp. Something burns your shadow imp.
You feel sick.
You are no longer poisoned.
Your shadow imp hits something.
Something hits your shadow imp!! Something burns your shadow imp.
Your shadow imp dies!
You hear a shout!
Something tries to affect you, but you resist.
Something hits your crimson imp.
You hear some strange, mumbled words.
A bolt of poison appears from out of thin air!
The bolt of poison hits your crimson imp.
The bolt of poison hits you!
You are poisoned.
* * * LOW HITPOINT WARNING * * *
Okay, then.
You die...

#.......##.##....
#.......##.##.. .
#....$...)#......#
#....)..{#.##....#
#...[#.....##....#
+....#...........+
####....#..5..#..#...
#.......#......##.. .
#.......#..@...##..
#.......###......#.
#..................
##........#...... .
#........#...... #..
#...######...... #...
#...#...........
#....#''##...........
.....................


You could see a friendly crimson imp (summoned).

Vanquished Creatures
  An orc knight (Bailey)
  Maggie (D:7)
  A troll (D:8)
  Grinder (D:6)
  A slime creature (D:8)
  A wyvern (D:8)
  2 water moccasins
  A sky beast (D:7)
  Purgy (Sewer)
  A black bear (D:4)
  3 orc warriors (Bailey)
  A necrophage (D:5)
  2 ogres
  2 centaurs
  2 bullfrogs (D:7)
  5 scorpions
  A wyvern skeleton (D:5)
  4 killer bees
  A centaur zombie (Ossuary)
  2 hounds
  2 jellies
  An orc priest (D:8)
  An iguana (D:5)
  A bullfrog skeleton (D:6)
  6 scorpion zombies (Ossuary)
  4 orc wizards
  2 mummies (Ossuary)
  2 hound skeletons
  A howler monkey zombie (D:5)
  5 adders
  3 gnolls
  2 shadow imps
  2 white imps
  2 ufetubi (D:5)
  2 dart slugs (D:4)
  16 orcs
  8 endoplasms
  4 giant cockroaches (D:3)
  8 goblins
  9 hobgoblins
  8 jackals
  9 quokkas
  6 bats
  2 goblin zombies (Ossuary)
  A hobgoblin zombie (Ossuary)
  14 kobolds
  2 kobold zombies (Ossuary)
  8 rats
165 creatures vanquished.

Vanquished Creatures (collateral kills)
  2 slime creatures (D:8)
  A water moccasin (D:7)
  2 orc warriors
  A kobold brigand (D:8)
  5 scorpions (Ossuary)
  A gnoll sergeant (D:6)
  A killer bee (D:8)
  A centaur zombie (D:7)
  An orc wizard (D:8)
  A scorpion zombie (Ossuary)
  A mummy (Ossuary)
  A gnoll (D:6)
  3 orcs
  3 goblins (D:8)
  2 hobgoblins (Bailey)
  A jackal (D:1)
  A hobgoblin zombie (Ossuary)
  7 kobolds
  A kobold zombie (Ossuary)
  An orc zombie (Ossuary)
37 creatures vanquished.

Vanquished Creatures (others)
  A scorpion (Ossuary)
1 creature vanquished.

Grand Total: 203 creatures vanquished

Notes
Turn   | Place    | Note
-------+----------+-------------------------------------------
     0 | D:1      | lightspider the Draconian Wanderer began the quest for the
                  | Orb.
     0 | D:1      | lightspider set off with the following items: a +0 hand
                  | axe, 12 poisoned darts, a +0 dagger; and the following
                  | spell memorised: Magic Dart; and the following spells
                  | available to memorise: Call Imp, Blink, Slow, Conjure
                  | Flame, Mephitic Cloud
     0 | D:1      | Reached XP level 1. HP: 19/19 MP: 2/2
   195 | D:1      | Reached XP level 2. HP: 17/26 MP: 3/3
   325 | D:1      | Learned a level 2 spell: Call Imp
   892 | D:1      | Found a faded altar of an unknown god.
  1146 | D:2      | Reached XP level 3. HP: 30/31 MP: 2/5
  1151 | D:2      | Reached skill level 1 in Dodging
  1812 | D:3      | Reached skill level 1 in Conjurations
  1812 | D:3      | Reached XP level 4. HP: 40/40 MP: 6/6
  2138 | D:3      | Found a glowing drain.
  2147 | D:3      | Reached skill level 4 in Fighting
  2149 | Sewer    | Entered a sewer
  2212 | Sewer    | Noticed Purgy
  2222 | Sewer    | Killed Purgy
  2223 | Sewer    | Reached XP level 5. HP: 31/46 MP: 4/8
  2382 | D:3      | Found a broken altar of Ashenzari.
  2803 | D:4      | Noticed a black bear
  2812 | D:4      | Killed a black bear
  2813 | D:4      | Reached XP level 6. HP: 44/52 MP: 6/9
  2979 | D:4      | Noticed a water moccasin
  2986 | D:4      | Killed a water moccasin
  3078 | D:4      | Found a sparkling altar of Nemelex Xobeh.
  3449 | D:4      | Found a shimmering altar of Xom.
  3595 | D:4      | Found an ancient bone altar of Kikubaaqudgha.
  3595 | D:4      | Found an ornate altar of the Wu Jian Council.
  3661 | D:5      | Entered Level 5 of the Dungeon
  3673 | D:5      | Your scales start taking on a golden yellow colour.
  3673 | D:5      | Reached XP level 7. HP: 58/60 MP: 7/10
  3673 | D:5      | Gained mutation: You are resistant to acid. (rCorr) [Yellow
                  | Draconian growth]
  3703 | D:5      | Identified the +1 falchion of Zasuzuips {flame, Fly rCorr
                  | Dex+6 Stlth-}
  3922 | D:5      | Reached skill level 1 in Long Blades
  4105 | D:5      | Found a sand-covered staircase.
  4114 | Ossuary  | Entered an ossuary
  4169 | Ossuary  | Reached skill level 5 in Fighting
  4580 | Ossuary  | Reached XP level 8. HP: 43/68 MP: 0/12
  6366 | D:6      | Noticed Grinder
  6401 | D:6      | Killed Grinder
  6505 | D:6      | Found a runed translucent door.
  6506 | D:6      | Noticed Crazy Yiuf
  6561 | D:6      | Reached skill level 6 in Fighting
  7001 | D:6      | Found a staircase to the Ecumenical Temple.
  7010 | Temple   | Entered the Ecumenical Temple
  7025 | Temple   | Became a worshipper of Sif Muna the Loreminder
  7328 | D:7      | Reached XP level 9. HP: 60/77 MP: 6/15
  7464 | D:7      | Noticed Maggie
  7480 | D:7      | Killed Maggie
  7904 | D:7      | Reached skill level 5 in Long Blades
  7991 | D:7      | Found Joyv's Antique Armour Shoppe.
  8027 | D:7      | Found Utzyax's Antique Armour Emporium.
  8071 | D:7      | Found a snail-covered altar of Cheibriados.
  8555 | D:7      | Bought a glowing cloak for 195 gold pieces
  8791 | D:8      | Found a flagged portal.
  8796 | Bailey   | Entered a bailey
  8802 | Bailey   | Noticed an orc knight
  8843 | Bailey   | Reached skill level 5 in Dodging
  8843 | Bailey   | Reached skill level 5 in Spellcasting
  8961 | Bailey   | Reached * piety under Sif Muna
  8964 | Bailey   | Reached skill level 7 in Fighting
  9233 | Bailey   | Identified the amulet of Discretion {Spirit rF+}
 10001 | Bailey   | Killed an orc knight
 10332 | D:8      | Found a runed translucent gate.
 10332 | D:8      | Found a runed translucent gate.
 10332 | D:8      | Found a runed translucent gate.
 10927 | D:8      | Noticed a troll
 10941 | D:8      | Killed a troll
 10942 | D:8      | Reached XP level 10. HP: 83/88 MP: 1/18
 11095 | D:8      | Reached skill level 8 in Fighting
 11388 | D:8      | Learned a level 3 spell: Vampiric Draining
 11406 | D:8      | Noticed a two-headed ogre
 11412 | D:8      | Found a stormy altar of Qazlal.
 11435 | D:8      | HP: 2/88 [two-headed ogre/+0 giant club (7)]
 12234 | D:8      | Noticed hilljack's ghost (novice DrTm)
 12537 | D:8      | Learned a level 1 spell: Animate Skeleton
 12559 | D:9      | Noticed Erica
 12613 | D:9      | HP: 4/88 [something/bolt of poison (15)]
 12614 | D:9      | Succumbed to Erica's bolt of poison

Illustrated notes

Levels and vault maps discovered:
D:1:      scummos_arrival_gate, layout_loops_ring,
          hellmonk_ecumenical_altar_zigzags, minmay_misc_feat_encased
D:2:      layout_rooms, grunt_ministairs_2, minmay_rat_gold_closets
D:3:      layout_basic, nicolae_ashenzari_skybound, gup_sewer_entry_pipe
D:4:      layout_loops_ring, nemelex_spade_bored_becter, lemuel_doored_altar,
          gammafunk_temple_overflow_wave
D:5:      layout_cave_pools, nicolae_ossuary_entry_monument
D:6:      layout_rooms, minmay_temple_entry_butterflies, serial_corexii_hall,
          corexii_hall_statues_s, chequers_hall_statues_corner_a,
          chequers_hall_statues_wall_a, uniq_grinder, uniq_crazy_yiuf_cottage
D:7:      layout_basic, kennysheep_little_box, serial_shops, shop, shop,
          uniq_maggie
D:8:      layout_loops_ring, grunt_qazlal_sundering, enter_bailey_3,
          gammafunk_ghost_icy
D:9:      layout_irregular_city, lair_entry_dummy, serial_shops,
          nicolae_shop_window_shopping, hangedman_decor_peaks_small,
          hangedman_decor_growths, uniq_erica
Temple:   cyrus_circular_temple

Skill      XL: |  1  2  3  4  5  6  7  8  9 10 |
---------------+-------------------------------+-----
Dodging        | 1 2 3 4 5 6 |  6.1
Conjurations   | 1 2 3 |  3.6
Fighting       | 4 5 6 7 8 |  8.1
Axes           | 3 |  3.7
Spellcasting   | 2 3 4 5 6 |  6.1
Summonings     | 3 4 |  4.4
Long Blades    | 2 4 6 |  6.4
Throwing       | |  1.0
Stealth        | |  1.0
Necromancy     | |  0.4

Action                   |  1- 3 |  4- 6 |  7- 9 | 10-12 || total
-------------------------+-------+-------+-------+-------++-------
Melee: Hand axe          |    94 |    57 |    35 |       ||   186
       Tailslap          |     8 |     7 |    75 |    12 ||   102
       Falchion          |       |       |   331 |    68 ||   399
Throw: Dart              |       |     5 |    41 |       ||    46
 Cast: Magic Dart        |     3 |       |       |       ||     3
       Call Imp          |     3 |     5 |   156 |    21 ||   185
 Abil: Breathe Acid      |       |       |     1 |     1 ||     2
  Use: Scroll            |     8 |       |    17 |       ||    25
       Potion            |       |       |     4 |     1 ||     5
 Stab: Sleeping          |     5 |     1 |       |       ||     6
       Distracted        |       |     1 |     8 |       ||     9
Armor: Skin              |    23 |    33 |   172 |    24 ||   252
Dodge: Dodged            |    59 |    33 |   312 |    48 ||   452
       Rpst.: Falchion   |       |       |    93 |     8 ||   101

Table legend: (Time is in decaauts)
 A = Elapsed time spent in this place.
 B = Non-inter-level travel time spent in this place.
 C = Inter-level travel time spent in this place.
 D = Time resting spent in this place.
 E = Time spent auto-exploring this place.
 F = Levels seen in this place.
 G = Mean time per level.
                   A        B        C        D        E       F      G
               +--------+--------+--------+--------+--------+-----+--------+
         Total |  12664 |  12334 |    330 |   4058 |   5322 |  13 |  974.2 |
       Dungeon |   9581 |   9251 |    330 |   2415 |   5121 |   9 | 1064.6 |
        Temple |     28 |     28 |      0 |      0 |      0 |   1 |   28.0 |
         Sewer |    205 |    205 |      0 |      0 |    123 |   1 |  205.0 |
       Ossuary |   1393 |   1393 |      0 |    812 |     40 |   1 | 1393.0 |
        Bailey |   1454 |   1454 |      0 |    831 |     37 |   1 | 1454.0 |
               +--------+--------+--------+--------+--------+-----+--------+

Top non-repeatable levels by time:
     D:7: 1913 daAuts
     D:8: 1833 daAuts
  Bailey: 1454 daAuts
 Ossuary: 1393 daAuts
     D:6: 1279 daAuts
     D:1: 1137 daAuts
     D:5: 977 daAuts
     D:4: 859 daAuts
     D:3: 815 daAuts
     D:2: 686 daAuts
   Sewer: 205 daAuts
     D:9: 77 daAuts
  Temple: 28 daAuts
